Map: Site Delta LE

Players

SubN - Winner!

  • Race: Zerg Zerg
  • League: Diamond
  • Spawn Location: 11:00

Jonk

  • Race: Zerg Zerg
  • League: Diamond
  • Spawn Location: 5:00

VOD

Have the link to the VOD?

Description

Time

  • Played on: Jan. 20, 2024, 6:45 p.m.
  • Length: 9:14
Show
View Real Time Build Order
Export as new Build Order

SubN Zerg - Winner!

Build Orders: Hatch First 

Get SALT Encoding   

  12  0:00  Drone  
  13  0:12  Overlord  
  13  0:17  Drone  
  14  0:30  Drone x2  
  16  0:49  Hatchery  
  15  0:51  Drone  
  15  0:55  Drone  
  17  0:59  Drone  
  18  1:09  Extractor  
  17  1:17  Spawning Pool  
  16  1:23  Drone x2  
  18  1:27  Drone  
  19  1:38  Overlord  
  19  1:50  Drone  
  20  1:59  Drone  
  21  2:04  Queen x2  
  21  2:07  Drone  
  26  2:13  Drone x2  
  28  2:18  Metabolic Boost  
  28  2:21  Drone  
  29  2:28  Drone  
  30  2:32  Overlord  
  30  2:38  Zergling x2  
  31  2:46  Evolution Chamber  
  31  2:48  Evolution Chamber  
  31  2:49  Spine Crawler  
  28  2:54  Evolution Chamber  
  28  2:57  Zergling x6  
  30  2:59  Spine Crawler  
  30  3:00  Zergling x2  
  30  3:04  Zergling x2  
  32  3:29  Spine Crawler  
  32  3:33  Drone x5  
  36  3:41  Zerg Ground Armor Level 1  
  36  3:46  Overlord x3  
  36  4:03  Queen  
  36  4:05  Drone  
  36  4:19  Roach Warren  
  36  4:24  Spine Crawler  
  34  4:25  Drone x6  
  34  4:26  Drone  
  41  4:33  Lair  
  41  4:39  Queen  
  43  4:45  Drone x5  
  43  4:46  Extractor  
  43  4:49  Extractor  
  46  4:58  Drone x3  
  49  5:00  Drone x4  
  53  5:07  Overlord  
  53  5:10  Overlord  
  53  5:15  Pneumatized Carapace  
  53  5:25  Roach x3  
  59  5:34  Glial Reconstitution  
  59  5:38  Extractor  
  59  5:39  Drone  
  59  5:45  Roach  
  59  5:46  Roach x3  
  67  5:50  Drone x2  
  67  5:54  Drone  
  70  5:58  Zerg Missile Weapons Level 1  
  70  6:01  Hatchery  
  70  6:03  Hatchery  
  69  6:08  Roach x3  
  75  6:12  Overlord  
  75  6:13  Overlord  
  75  6:14  Overlord  
  75  6:29  Overlord x4  
  75  6:31  Ravager  
  75  6:32  Ravager x2  
  78  6:34  Ravager  
  79  6:50  Roach  
  79  6:51  Roach x5  
  91  6:55  Ravager  
  92  7:02  Extractor  
  92  7:06  Zergling x12, Extractor  
  96  7:15  Roach  
  92  7:33  Roach  
  92  7:34  Roach x9  
  92  7:35  Queen  
  107  7:46  Roach  
  107  7:47  Roach x2  
  109  8:02  Roach x6  
  109  8:03  Roach x2  
  125  8:12  Roach x3  
  124  8:25  Roach x5  
  108  8:34  Roach  
  108  8:35  Roach x3  
  114  8:45  Roach  
Show
View Real Time Build Order
Export as new Build Order

Jonk Zerg 

Build Orders: Hatch First, Zergling Baneling 

Get SALT Encoding   

  12  0:01  Drone  
  13  0:12  Overlord  
  13  0:18  Drone  
  14  0:31  Drone x2  
  16  0:52  Drone, Hatchery  
  16  0:55  Drone  
  17  0:59  Drone  
  18  1:10  Extractor  
  17  1:15  Spawning Pool  
  16  1:22  Drone  
  16  1:23  Drone  
  18  1:28  Drone  
  19  1:40  Overlord  
  19  2:02  Queen  
  19  2:03  Zergling x4  
  19  2:05  Queen  
  19  2:07  Zergling x2  
  26  2:11  Zergling x2  
  28  2:15  Zergling x2  
  28  2:17  Metabolic Boost  
  28  2:22  Zergling x2  
  29  2:26  Zergling x2  
  30  2:36  Drone  
  31  2:37  Drone  
  32  2:51  Overlord x2  
  32  2:57  Baneling Nest  
  31  3:02  Drone x2  
  32  3:17  Zergling x10  
  35  3:29  Zergling x2  
  35  3:30  Zergling x6  
  40  3:41  Drone  
  40  3:42  Drone  
  40  3:43  Baneling x7  
  41  4:05  Hatchery  
  36  4:14  Zergling x16  
  35  4:24  Drone x3  
  36  4:25  Drone  
  36  4:29  Drone  
  40  4:33  Baneling  
  40  4:34  Baneling x3  
  40  4:36  Drone  
  41  4:50  Drone x6  
  41  4:51  Drone  
  48  5:06  Drone x4  
  52  5:10  Overlord  
  52  5:13  Lair  
  52  5:17  Roach Warren  
  52  5:20  Drone  
  52  5:24  Extractor  
  52  5:26  Extractor  
  50  5:29  Overlord  
  50  5:30  Overlord  
  50  5:32  Zergling x2  
  50  5:33  Zergling x6  
  54  5:38  Drone x2  
  54  5:39  Drone  
  57  5:49  Drone x3  
  60  5:50  Evolution Chamber  
  60  5:52  Drone x3, Evolution Chamber  
  61  6:02  Drone  
  61  6:03  Drone x6  
  68  6:13  Glial Reconstitution  
  68  6:16  Zerg Missile Weapons Level 1  
  68  6:25  Zerg Ground Armor Level 1  
  68  6:28  Extractor  
  66  6:42  Roach x5  
  76  6:48  Roach x2  
  76  6:53  Overlord x2  
  76  6:54  Overlord x3  
  80  7:01  Overlord  
  80  7:02  Overlord x2  
  80  7:12  Roach x7  
  94  7:17  Queen x3  
  94  7:32  Roach  
  94  7:33  Roach x6  
  101  7:46  Roach x7  
  91  8:07  Roach  
  91  8:08  Roach x5  
  104  8:12  Roach  
  104  8:13  Roach  
  98  8:23  Roach  
  98  8:24  Roach x2  
  80  8:35  Roach x2  
  82  8:48  Roach x2  
Tags
 
Add a new tag
Caveats
  • Supply blocks, unpowered buildings, or Contaminate may cause inaccurate times.
  • Supply counts are checked every 10 seconds.